 Dungeon Crawl Stone Soup version 0.28.0-53-g5a82cb258f (webtiles) character file.

Game seed: 4794234834088838561

68 issech the Chopper (level 4, 0/40 HPs)
             Began as a Minotaur Monk on June 17, 2022.
             Slain by a wyvern skeleton (6 damage)
             ... on level 3 of the Dungeon.
             The game lasted 00:03:58 (1870 turns).

issech the Chopper (Minotaur Monk)                  Turns: 1870, Time: 00:03:59

Health: 0/40       AC:  8    Str: 16    XL:     4   Next: 1%
Magic:  3/3        EV:  8    Int:  7    God:
Gold:   76         SH:  0    Dex: 14    Spells: 3/3 levels left

rFire   + . .      SeeInvis .   a - +0 hand axe
rCold   . . .      Faith    .   (no shield)
rNeg    . . .      Spirit   .   r - +0 chain mail
rPois   .          Reflect  .   (helmet restricted)
rElec   .          Harm     .   (no cloak)
rCorr   .          Rampage  .   (no gloves)
Will    .....                   (no boots)
Stlth   ..........              m - amulet of the acrobat
HPRegen 0.13/turn               j - ring of protection from fire
MPRegen 0.08/turn               (no ring)

@: no status effects
A: horns 2, retaliatory headbutt
a: no special abilities


You were on level 3 of the Dungeon.
You visited 1 branch of the dungeon, and saw 3 of its levels.

You collected 76 gold pieces.

Inventory:

Hand Weapons
 a - a +0 hand axe (weapon)
 b - a +0 trident
 l - a +0 short sword
 o - a +0 hunting sling
Missiles
 e - 69 stones (quivered)
 h - 18 arrows
 q - 14 poisoned darts
Armour
 r - a +0 chain mail (worn)
Jewellery
 j - a ring of protection from fire (left hand)
 m - an amulet of the acrobat (around neck)
Scrolls
 c - 2 scrolls of fear {unknown}
 k - a scroll of silence {unknown}
 n - a scroll of identify {unknown}
 p - a scroll of noise {unknown}
Potions
 d - a potion of magic {unknown}
 f - 2 potions of curing {unknown}
 g - a potion of invisibility {unknown}
 i - 2 potions of heal wounds {unknown}
 s - a potion of degeneration {unknown}


   Skills:
 + Level 4.1 Fighting
 + Level 4.3 Axes
 + Level 1.7 Armour
 + Level 3.8 Dodging
 + Level 2.0 Stealth


You had 3 spell levels left.
You didn't know any spells.
Your spell library was empty.

Dungeon Overview and Level Annotations

Branches:
Dungeon (3/15)

Altars:
The Shining One


Innate Abilities, Weirdness & Mutations

You have a pair of horns on your head.
You reflexively headbutt those who attack you in melee.


Message History

Found a book of Hexes.
A wyvern skeleton and an endoplasm come into view.
The endoplasm quivers.
An orc comes into view. It is wielding a +0 hand axe.
The orc shouts!
Found a helmet.
The endoplasm hits you but does no damage.
The wyvern skeleton misses you. You furiously retaliate!
You headbutt the wyvern skeleton. You hit the wyvern skeleton.
You headbutt the wyvern skeleton.
The wyvern skeleton is heavily damaged.
You hit the endoplasm.
The endoplasm hits you but does no damage.
The wyvern skeleton bites you.
You barely miss the wyvern skeleton.
The wyvern skeleton is heavily damaged.
You hit the endoplasm but do no damage.
The wyvern skeleton bites you but does no damage.
The endoplasm freezes you.
You are frozen.
You barely miss the wyvern skeleton.
The wyvern skeleton is heavily damaged.
You hit the endoplasm but do no damage. You hit the orc.
The wyvern skeleton bites you! The orc hits you with a +0 hand axe.
The endoplasm hits you but does no damage.
The wyvern skeleton bites you!
You hit the wyvern skeleton but do no damage.
The wyvern skeleton is heavily damaged.
You hit the orc but do no damage. You hit the endoplasm.
You kill the endoplasm!
The orc hits you with a +0 hand axe. The wyvern skeleton bites you.
* * * LOW HITPOINT WARNING * * *
The orc closely misses you. You furiously retaliate!
You headbutt the orc.
You have reached level 4!
You feel stronger.
You hit the wyvern skeleton. You headbutt the wyvern skeleton.
The wyvern skeleton is heavily damaged.
You closely miss the orc. The wyvern skeleton closely misses you.
The wyvern skeleton bites you.
You die...

###..... #[. #.#... ##..
# #...## ##... .###.....
# ..#.########.#...#...
##.##..#..............#.
........................
......:o.#...##.........
.......@.......##.......
.......Z........####.##.
........##..............
........##...#...###....
........##...# #.##.....
###########.## .....##.
##.# ##...### ###..#
#...# #...## ##...###


You could see an orc and a wyvern skeleton.

Vanquished Creatures
  An adder (D:3)
  2 worms (D:2)
  2 dart slugs (D:1)
  7 ball pythons
  5 endoplasms
  2 giant cockroaches
  3 goblins
  4 hobgoblins
  2 quokkas (D:1)
  2 bats (D:1)
  3 frilled lizards
  10 kobolds
  2 rats (D:1)
45 creatures vanquished.

Notes
Turn   | Place    | Note
-------+----------+-------------------------------------------
     0 | D:1      | issech the Minotaur Monk began the quest for the Orb.
     0 | D:1      | Reached XP level 1. HP: 19/19 MP: 0/0
    23 | D:1      | You fall into a shaft and drop 1 floor!
   397 | D:2      | Reached skill level 1 in Armour
   441 | D:1      | Reached XP level 2. HP: 22/27 MP: 1/1
   666 | D:1      | Found a faded altar of an unknown god.
   880 | D:1      | Reached XP level 3. HP: 30/33 MP: 2/2
  1668 | D:3      | Found a glowing golden altar of the Shining One.
  1870 | D:3      | Reached XP level 4. HP: 6/40 MP: 3/3
  1870 | D:3      | Slain by a wyvern skeleton

Illustrated notes

Levels and vault maps discovered:
D:1:      minmay_arrival_split_and_join, layout_rooms,
          ebering_ecumenical_altar_abandoned
D:2:      layout_basic
D:3:      layout_rooms, tso_altar, uniq_ijyb

Skill      XL: |  1  2  3 |
---------------+----------+-----
Armour         | 1 |  1.7
Axes           | 4 |  4.3
Fighting       | 4 |  4.1
Stealth        | 2 |  2.0
Dodging        | |  3.8

Action                   |  1- 3 |  4- 6 || total
-------------------------+-------+-------++-------
Melee: Hand axe          |   105 |     1 ||   106
       Headbutt          |    15 |     1 ||    16
       Punch             |     2 |       ||     2
 Stab: Sleeping          |     1 |       ||     1
Armor: Leather armour    |    13 |       ||    13
       Robe              |     3 |       ||     3
       Chain mail        |    13 |       ||    13
Dodge: Dodged            |    73 |     1 ||    74
